 Dungeon Crawl Stone Soup version 0.16.1-18-g436b03c (webtiles) character file.

144 linquant the Charmwright (level 5, 0/44 HPs)
             Began as a Centaur Skald on May 16, 2015.
             Succumbed to an adder's poison
             ... on level 3 of the Dungeon.
             The game lasted 00:18:09 (1731 turns).

linquant the Charmwright (Centaur Skald)            Turns: 1731, Time: 00:18:09

Health: 0/44       AC:  5    Str: 16    XL:     5   Next: 5%
Magic:  2/8        EV:  8    Int: 11    God:
Gold:   82         SH:  0    Dex:  8    Spells: 1 memorised, 7 levels left

rFire  . . .     SeeInvis .     a - +0 mace
rCold  . . .     Clarity  +     e - +0 ring mail
rNeg   . . .     SustAb   .     (no shield)
rPois  .         Gourm    .     (no helmet)
rElec  .         Spirit   .     (no cloak)
rCorr  .         Warding  .     (no gloves)
rMut   .         Stasis   .     (no barding)
MR     .....                    r - amulet of clarity
Stlth  ..........               (no ring)
                                v - ring of wizardry

@: lethally poisoned (0 -> -2), very quick, not resistant to hostile
enchantments, extremely unstealthy
A: hooves 3, deformed body, speed 2, tough skin 3
a: no special abilities


You were on level 3 of the Dungeon.
You were not hungry.

You visited 1 branch of the dungeon, and saw 3 of its levels.

You collected 82 gold pieces.

Inventory:

Hand weapons
 a - a +0 mace (weapon)
Armour
 b - a +0 leather armour
 e - a +0 ring mail (worn)
Jewellery
 r - an amulet of clarity (around neck)
 v - a ring of wizardry (left hand)
Magical devices
 p - a wand of random effects (9)
 s - a wand of digging (13)
 t - a wand of flame (3)
 w - a wand of flame (13)
Scrolls
 g - a scroll of random uselessness {unknown}
 h - a scroll of teleportation {unknown}
 i - 3 scrolls of remove curse
 k - a scroll of fog
 m - a scroll of blinking {unknown}
 n - a scroll of amnesia {unknown}
 o - a scroll of immolation {unknown}
Potions
 f - a potion of might
 l - a potion of haste
Books
 c - a book of Battle

   Spells                             Type                      Level
   a - Infusion                       Charms                       1
   b - Shroud of Golubria             Charms/Translocation         2
   c - Song of Slaying                Charms                       2
   d - Spectral Weapon                Hexes/Charms                 3
   e - Regeneration                   Charms/Necromancy            3
Comestibles
 d - 2 bread rations
 j - a beef jerky


   Skills:
 + Level 2.8 Fighting
 + Level 2.4 Maces & Flails
 + Level 1.4 Armour
 + Level 1.4 Dodging
 + Level 0.1 Stealth
 + Level 2.0 Spellcasting
 + Level 3.3 Charms
 + Level 0.2 Evocations


You had 7 spell levels left.
You knew the following spells:

 Your Spells              Type           Power        Failure   Level  Hunger
a - Infusion              Chrm           #.....       7%          1    ##.....


Dungeon Overview and Level Annotations

Branches:
Dungeon (3/15)

Altars:


Innate Abilities, Weirdness & Mutations

You have hooves in place of feet.
Armour fits poorly on your strangely shaped body.
You cover ground very quickly.
You have extremely tough skin (AC +3).


Message History

Zapping:
t - a wand of flame {zapped: 12} (will waste charges)
Press: ? - help, Shift-Dir - straight line, f/p - jackal
Aim: a jackal (severely wounded)
The puff of flame hits the jackal.
You kill the jackal!
Evoking this partially-identified wand wasted a few charges.
You are a level 5 Centaur Skald.
You are 5% of the way to level 6.
Play time: 00:16:56 (1722 turns) Eat which item? (? for menu, Esc to quit)
* * * LOW HITPOINT WARNING * * *
You feel sick.
That beef jerky was delicious!
It was a potion of cancellation.
You feel magically purged.
* * * LOW HITPOINT WARNING * * *
You feel sick.
Unknown command.
Unknown command.
* * * LOW HITPOINT WARNING * * *
You feel sick.
You die...

.#.......## ##>##.##
.##.....## ####.#
.###...## #.# .#
##+## #.# .####.#
#.# .#.##.# #.#
#.#.#.## #.#
.###...###########.#
# ##......†....@..#
##..#.##########
##§#§#.# #§§§§#.# .
#§#§###.#
...##b###.#
.....†....#
.####†##### . ..#


There were no monsters in sight!

Vanquished Creatures
  7 adders
  A giant mite (D:1)
  An ooze (D:1)
  10 bats
  4 giant cockroaches
  11 hobgoblins
  6 kobolds
  3 ball pythons
  A giant gecko (D:1)
  4 giant newts
  6 goblins
  3 jackals (D:3)
  11 rats
68 creatures vanquished.

Notes
Turn   | Place    | Note
--------------------------------------------------------------
     0 | D:1      | linquant, the Centaur Skald, began the quest for the Orb.
     0 | D:1      | Reached XP level 1. HP: 17/17 MP: 2/2
    17 | D:1      | Reached skill level 3 in Charms
    17 | D:1      | Reached XP level 2. HP: 19/24 MP: 3/3
   313 | D:1      | Reached XP level 3. HP: 20/29 MP: 5/5
   775 | D:2      | Reached skill level 1 in Armour
   835 | D:2      | Reached skill level 1 in Dodging
   848 | D:2      | Reached XP level 4. HP: 33/37 MP: 6/6
  1719 | D:3      | Reached XP level 5. HP: 4/44 MP: 0/8
  1722 | D:3      | HP: 2/44 [poisoned by an adder]
  1727 | D:3      | HP: 1/44 [poisoned by an adder]
  1731 | D:3      | Succumbed to an adder's poison

Action                   |  1- 3 |  4- 6 || total
-------------------------+-------+-------++-------
Melee: Mace              |   111 |    73 ||   184
 Cast: Infusion          |     9 |     4 ||    13
Evoke: Wand              |       |    12 ||    12
  Use: Scroll            |       |     7 ||     7
       Potion            |       |     1 ||     1
  Eat: Pizza             |       |     1 ||     1
       Beef jerky        |       |     1 ||     1
